 Dungeon Crawl Stone Soup version 0.31.0-11-ge490571c62 (webtiles) character file.

Game seed: 13184555026608579801

9 Gadfly the Trooper (level 2, 9/24 HPs)
             Began as a Demonspawn Monk on Feb 3, 2024.
             Quit the game on level 1 of the Dungeon.
             The game lasted 00:00:29 (282 turns).

Gadfly the Trooper (Demonspawn Monk)                 Turns: 282, Time: 00:00:30

Health: 9/24       AC:  4    Str: 11    XL:     2   Next: 3%
Magic:  2/2        EV: 13    Int: 10    God:
Gold:   9          SH:  0    Dex: 15    Spells: 1/1 levels left

rFire   . .          .
                       - Unarmed
rCold   . . .        c - orb {light}
rNeg    . . .        a - +0 robe
rPois   .            g - +1 helmet
rElec   .            (no cloak)
rCorr   .            (no gloves)
SInv    .            (no boots)
Will    .....        (no amulet)
Stlth   +            (no ring)
HPRegen 0.24/turn    (no ring)
MPRegen 0.16/turn

%: no passive effects
@: glowing
A: magic regeneration
a: no special abilities


You were on level 1 of the Dungeon.
You visited 1 branch of the dungeon, and saw 1 of its levels.

You collected 9 gold pieces.

Inventory:

Armour
 a - a +0 robe (worn)
 c - an orb of light (worn)
 g - a +1 helmet (worn)
Talismans
 i - a maw talisman
Scrolls
 d - a scroll of teleportation {unknown}
 f - 2 scrolls of identify {unknown}
 h - a scroll of poison {unknown}
Potions
 b - a potion of ambrosia
 e - a potion of heal wounds {unknown}
 j - a potion of lignification {unknown}


   Skills:
 - Level 3.0 Fighting
 + Level 2.8 Dodging
 * Level 2.8 Unarmed Combat
 * Level 0.6 Evocations
 * Level 0.4 Shapeshifting


You had one spell level left.
You didn't know any spells.
Your spell library contained the following spells:

 Spells                   Type           Power      Damage    Failure   Level
 Ensorcelled Hibernation  Hex/Ice        0%         N/A       50%         2
 Passwall                 Erth           0%         N/A       75%         3
 Swiftness                Air            0%         N/A       75%         3


Dungeon Overview and Level Annotations

Branches:
Dungeon (1/15)

Altars:


Innate Abilities, Weirdness & Mutations

You regenerate magic rapidly.


Message History

The atropa-tipped dart closely misses you.
You hit the endoplasm but do no damage.
The endoplasm hits you but does no damage.
You closely miss the kobold.
The endoplasm hits you but does no damage.
The kobold closely misses you.
You hit the kobold.
The kobold is severely wounded.
The endoplasm freezes you.
You are frozen.
The kobold hits you but does no damage.
You hit the kobold.
You kill the kobold!
The endoplasm freezes you.
You are frozen.
You hit the endoplasm but do no damage.
The endoplasm hits you but does no damage.
You hit the endoplasm.
The endoplasm is heavily wounded.
The endoplasm barely misses you.
You hit the endoplasm.
The endoplasm is almost dead.
The endoplasm freezes you.
You are frozen.
You completely miss the endoplasm.
The endoplasm is almost dead.
The endoplasm freezes you.
You are frozen.
You are too injured to fight recklessly!
You are too injured to fight recklessly!
You are too injured to fight recklessly!
You are too injured to fight recklessly!
You are too injured to fight recklessly!
You are too injured to fight recklessly!
You are too injured to fight recklessly!
You are too injured to fight recklessly!
You are too injured to fight recklessly!
You are too injured to fight recklessly!
You are too injured to fight recklessly!
You are too injured to fight recklessly!
Are you sure you want to abandon this character and quit the game? (Confirm with "yes".)

.....~...~...~...~...
....~⌠~.~⌠~.~⌠~.~⌠~#
...#.~...~...~...~.# .....
.~...~...~..# ...#
.~⌠~.~⌠~.~⌠~.# .#.#
.~...~...~.##
...####..~...~..##
.#.....)~⌠~.~⌠~)#######
.#.......~...~.J@.....#
##.#####..###...####.......
....)..##.####..####.....##
#..###..)................#
..## ####.##.#..####.....#
.## #.##.#..... ....... .#
#.#....######...### .#
#.#....# ...# . #.#....#


You could see an endoplasm.

Vanquished Creatures
  A bat (D:1)
  An endoplasm (D:1)
  2 goblins (D:1)
  2 ball pythons (D:1)
  A kobold (D:1)
  A rat (D:1)
8 creatures vanquished.

Notes
Turn   | Place    | Note
-------+----------+-------------------------------------------
     0 | D:1      | Gadfly the Demonspawn Monk began the quest for the Orb.
     0 | D:1      | Reached XP level 1. HP: 18/18 MP: 1/1
   272 | D:1      | Gained mutation: You regenerate magic rapidly. [demonic
                  | ancestry]
   272 | D:1      | Reached XP level 2. HP: 24/24 MP: 2/2
   282 | D:1      | Quit the game

Illustrated notes

Levels and vault maps discovered:
D:1:      lightli_arrival_flooded_house, layout_loops_ring, kennysheep_doodads

Action                     || total
---------------------------++-------
  Melee: Unarmed           ||    30
 Armour: Robe              ||    18
  Dodge: Dodged            ||    26
